 Dungeon Crawl Stone Soup version 0.29.1-1-gd02db6906a (webtiles) character file.

Game seed: 3547759297295148020

458 penguinFlipper the Slasher (level 7, 47/47 HPs)
             Began as a Gargoyle Fighter on Sept 17, 2022.
             Quit the game on level 4 of the Dungeon on Sept 25, 2022.
             The game lasted 00:16:07 (4931 turns).

penguinFlipper the Slasher (Gargoyle Fighter)       Turns: 4931, Time: 00:16:07

Health: 47/47      AC: 15    Str: 19    XL:     7   Next: 6%
Magic:  7/7        EV:  7    Int:  9    God:
Gold:   239        SH:  6    Dex: 15    Spells: 6/6 levels left

rFire   . . .      SeeInvis .   l - +11 short sword of Ruination {drain, Fly rPois rN+ Dex+4}
rCold   . . .      Faith    .   c - +0 buckler
rNeg    + + .      Spirit   .   m - +0 chain mail
rPois   ∞          Reflect  .   (no helmet)
rElec   +          Harm     .   (no cloak)
rCorr   .          Rampage  .   (no gloves)
Will    .....                   (no boots)
Stlth   ..........              (no amulet)
HPRegen 0.15/turn               (no ring)
MPRegen 0.10/turn               (no ring)

@: weak-willed, flying
A: sickness immunity, AC +4, negative energy resistance 1, electricity
resistance, torment resistance 1, petrification resistance
a: no special abilities


You were on level 4 of the Dungeon.
You visited 1 branch of the dungeon, and saw 4 of its levels.

You collected 239 gold pieces.

Inventory:

Hand Weapons
 a - a +1 long sword
 f - a +0 dagger of venom
 h - a +2 dagger of holy wrath
 l - the +11 short sword of Ruination (weapon) {drain, Fly rPois rN+ Dex+4}
   (You found it on level 2 of the Dungeon)

   A truly terrible weapon, it drains the life of any living foe it strikes.
   Dex:       It affects your dexterity (+4).
   rPois:     It protects you from poison.
   rN:        It protects you from negative energy.
   Fly:       It grants you flight.
Missiles
 e - 37 stones (quivered)
 i - 4 poisoned darts
 k - 2 throwing nets
 u - 3 silver boomerangs
Armour
 c - a +0 buckler (worn)
 m - a +0 chain mail (worn)
 n - a scarf of resistance
Jewellery
 o - an amulet of the acrobat
 r - a ring of see invisible
 v - a +6 ring of strength
 w - a +6 ring of intelligence
Scrolls
 b - 2 scrolls of identify
 g - a scroll of summoning
 p - a scroll of immolation
 q - a scroll of poison
Potions
 d - 2 potions of might
 j - 2 potions of curing
 t - 2 potions of resistance


   Skills:
 + Level 6.5 Fighting
 * Level 7.0 Long Blades
 + Level 6.6 Armour
 + Level 6.6 Shields


You had 6 spell levels left.
You didn't know any spells.
Your spell library contained the following spells:

 Spells                   Type           Power      Damage    Failure   Level
 Foxfire                  Conj/Fire      0%         2x1d4     99%         1
 Poisonous Vapours        Pois/Air       0%         N/A       100%        2
 Conjure Flame            Conj/Fire      0%         6-21      100%        3
 Ignite Poison            Fire/Tmut/Pois 0%         N/A       100%        3
 Inner Flame              Hex/Fire       0%         N/A       100%        3
 Mephitic Cloud           Conj/Pois/Air  0%         N/A       100%        3
 Corpse Rot               Necr/Pois/Air  0%         N/A       100%        4
 Flame Wave               Conj/Fire      0%         2d4       100%        4
 Freezing Cloud           Conj/Ice/Air   0%         6-21      100%        5


Dungeon Overview and Level Annotations

Branches:
Dungeon (4/15)
 Temple: D:4-7

Altars:
Ashenzari
Cheibriados
Fedhas
Trog

Annotations:
D:3 2 transporters, diceflayer's ghost, amateur DsFi


Innate Abilities, Weirdness & Mutations

You are immune to sickness and miasma.
Your stone body is resilient. (AC +4)
You are immune to poison.
You resist negative energy. (rN+)
You are resistant to electric shocks. (rElec)
You are resistant to unholy torment.
You are immune to petrification.


Message History

a ball python corpse; a worm corpse You see here a ball python corpse.
You closely miss the ball python.
The ball python bites you but does no damage.
You block the ball python's attack.
You hit the ball python. You drain the ball python.
You kill the ball python!
Things that are here:
a ball python corpse; a worm corpse
There is a stone staircase leading up here.
w - a +6 ring of intelligence
e - 37 stones (gained 4)
Found a blossoming altar of Fedhas.
An endoplasm comes into view.
The endoplasm quivers.
An endoplasm is nearby!
You start waiting.
An endoplasm is nearby!
You hit the endoplasm.
You kill the endoplasm!
There is a stone staircase leading down here.
b - 3 scrolls of identify (gained 1) Done exploring.
No target in view!
Done exploring.
As you read the scroll labelled MOFIMM ALUBURU, it crumbles to dust.
Magic quickly surges around you.
It was a scroll of vulnerability.
Okay, then.
As you read the scroll of identify, it crumbles to dust.
t - 2 potions of resistance
There is a stone staircase leading down here.
You see here a ball python corpse.
Things that are here:
a ball python corpse; a worm corpse
There is a stone staircase leading up here.
There is a stone staircase leading down here.
Saving game... please wait.
Welcome back, penguinFlipper the Gargoyle Fighter.
Press ? for a list of commands and other information.
Are you sure you want to abandon this character and quit the game? (Confirm with "yes".)

.# #.###..........# .#
#######.###..........#
####....................#
#..###########..........#
...# #..........# ._.###
#..........# ...#.###
#.........##
#..#...#######.........#
####.#..........@......#
#.########..........#
#.###..††<..........#
#.##..#####.........#
#.#..## #.........#
#.#.## #.....<...#
####.#.# #.........#
#......# ###########
.......#


There were no monsters in sight!

Vanquished Creatures
  A black bear (D:4)
  A scorpion (D:4)
  An iguana (D:4)
  2 jellies (D:4)
  A mummy (D:3)
  3 adders
  3 worms
  2 dart slugs
  5 orcs (D:4)
  7 endoplasms
  2 giant cockroaches
  17 goblins
  9 hobgoblins
  7 jackals
  7 kobolds
  4 quokkas
  12 ball pythons
  5 bats
  12 frilled lizards
  7 rats
108 creatures vanquished.

Vanquished Creatures (others)
  5 plants (D:2)
5 creatures vanquished.

Grand Total: 113 creatures vanquished

Notes
Turn   | Place    | Note
-------+----------+-------------------------------------------
     0 | D:1      | penguinFlipper the Gargoyle Fighter began the quest for the
                  | Orb.
     0 | D:1      | Reached XP level 1. HP: 14/14 MP: 1/1
   380 | D:1      | Reached skill level 2 in Long Blades
   396 | D:1      | Reached XP level 2. HP: 19/19 MP: 2/2
   956 | D:1      | Reached XP level 3. HP: 23/23 MP: 3/3
  1913 | D:1      | Reached skill level 6 in Long Blades
  1913 | D:1      | Reached XP level 4. HP: 32/32 MP: 4/4
  2197 | D:2      | Identified the +11 short sword of Ruination {drain, Fly
                  | rPois rN+ Dex+4}
  2269 | D:2      | Reached XP level 5. HP: 36/36 MP: 5/5
  2273 | D:2      | Found a faded altar of an unknown god.
  2894 | D:3      | Found a transporter.
  2895 | D:3      | Noticed diceflayer's ghost (amateur DsFi)
  2896 | D:3      | Noticed an ogre
  2896 | D:3      | Noticed an ogre
  2900 | D:3      | Found a transporter.
  3014 | D:3      | Found a broken altar of Ashenzari.
  3480 | D:3      | Found a snail-covered altar of Cheibriados.
  3875 | D:4      | Found a bloodstained altar of Trog.
  3955 | D:4      | Noticed a black bear
  3966 | D:4      | Killed a black bear
  3967 | D:4      | Reached XP level 6. HP: 33/42 MP: 6/6
  4672 | D:4      | Reached skill level 7 in Long Blades
  4678 | D:4      | Reached XP level 7. HP: 43/47 MP: 7/7
  4781 | D:4      | Found a blossoming altar of Fedhas.
  4931 | D:4      | Quit the game

Illustrated notes

Levels and vault maps discovered:
D:1:      sevenhm_arrival_forest_fort_small_5, layout_basic, st_stairs_5,
          minivault_5
D:2:      layout_basic, hellmonk_ecumenical_altar_arch_garden,
          minmay_lizard_king
D:3:      layout_basic, ashenzari_altar_1, slow_altar_2, gammafunk_ghost_smash
D:4:      kennysheep_goblin_castle, layout_rooms, mainiacjoe_overflow_alcove_1,
          lemuel_doored_altar, dreamdust_wishing_well

Skill      XL: |  1  2  3  4  5  6 |
---------------+-------------------+-----
Long Blades    | 2 6 7 |  7.0
Fighting       | 6 |  6.5
Armour         | 6 |  6.6
Shields        | 6 |  6.6

Action                   |  1- 3 |  4- 6 |  7- 9 || total
-------------------------+-------+-------+-------++-------
Melee: Long sword        |   154 |    31 |       ||   185
       Short sword       |       |    93 |    10 ||   103
  Use: Scroll            |     3 |     3 |     2 ||     8
       Potion            |     2 |       |       ||     2
Armor: Scale mail        |   107 |     2 |       ||   109
       Chain mail        |       |    55 |     2 ||    57
Dodge: Dodged            |    87 |    33 |     2 ||   122
Block: Buckler           |    45 |    20 |     2 ||    67
